Map: Terrasses de Prion

Players

yoshiiii - Winner!

  • Race: Zerg Zerg
  • League: Silver
  • Spawn Location: 11:00

zidar

  • Race: Zerg Zerg
  • League: Silver
  • Spawn Location: 5:00

VOD

Have the link to the VOD?

Description

Time

  • Played on: March 4, 2016, 9:09 a.m.
  • Length: 12:29
Show
View Real Time Build Order
Export as new Build Order

yoshiiii Zerg - Winner!

Build Orders: Pool First, Lurkers 

Get SALT Encoding   

  12  0:01  Drone  
  13  0:11  Drone  
  13  0:13  Extractor  
  13  0:16  Drone  
  14  0:24  Overlord  
  14  0:43  Spawning Pool  
  14  0:44  Drone  
  14  0:49  Drone  
  15  1:12  Hatchery  
  15  1:16  Drone  
  15  1:29  Queen  
  15  1:31  Zergling x2  
  15  1:32  Zergling x2  
  19  1:36  Drone  
  20  1:46  Drone  
  21  1:58  Zergling x2  
  22  2:09  Overlord  
  22  2:14  Roach Warren  
  22  2:15  Extractor, Drone  
  21  2:30  Queen  
  23  2:47  Spine Crawler  
  23  2:49  Drone x2  
  24  3:00  Drone  
  24  3:04  Drone x3  
  28  3:08  Drone  
  28  3:10  Drone  
  30  3:25  Zergling x6  
  30  3:35  Zergling x8  
  34  3:55  Queen  
  32  3:57  Roach  
  32  3:59  Overlord  
  32  4:02  Drone  
  35  4:10  Spine Crawler  
  35  4:14  Drone  
  35  4:17  Extractor, Drone x3  
  35  4:20  Extractor  
  36  4:25  Roach  
  36  4:27  Roach x2  
  42  4:34  Lair  
  40  4:48  Roach x2  
  40  4:50  Overlord  
  44  5:03  Spine Crawler  
  43  5:08  Roach x2  
  43  5:09  Roach x2  
  51  5:15  Drone  
  51  5:17  Overlord  
  52  5:30  Overlord  
  52  5:37  Drone x3  
  52  5:38  Drone x2  
  57  5:54  Overlord  
  57  5:56  Roach x2  
  61  6:03  Hydralisk Den  
  60  6:08  Spine Crawler  
  65  6:18  Roach x3  
  65  6:19  Roach  
  65  6:22  Overlord  
  67  6:29  Roach  
  67  6:30  Roach  
  73  6:32  Roach  
  73  6:47  Hydralisk x3  
  72  6:53  Drone  
  79  6:55  Overlord  
  79  7:18  Lurker Den  
  79  7:25  Baneling Nest  
  76  7:45  Hydralisk  
  76  7:46  Hydralisk x2  
  76  7:51  Drone x5  
  84  7:52  Drone x4  
  84  7:58  Overlord x2  
  91  8:26  Baneling x3  
  91  8:29  Zergling x2  
  91  8:30  Zergling x4  
  94  8:41  Overseer x2  
  94  8:46  Lurker x3  
  94  8:48  Lurker  
  98  8:49  Overlord x2  
  98  8:53  Drone  
  99  8:59  Baneling x3  
  99  9:00  Baneling x3  
  99  9:06  Glial Reconstitution  
  99  9:13  Lurker  
  99  9:14  Lurker  
  101  9:18  Roach  
  101  9:19  Roach x6  
  101  9:20  Overlord  
  101  9:21  Overlord x2  
  115  9:54  Overlord x3  
  115  9:55  Roach  
  115  9:56  Hatchery  
  115  9:58  Drone x3  
  115  9:59  Roach, Drone  
  124  10:00  Roach  
  116  11:02  Infestation Pit  
  113  11:09  Hydralisk x4  
  113  11:10  Hydralisk x3  
  110  11:23  Hydralisk x6  
  110  11:24  Hydralisk  
  121  11:27  Overseer  
  121  11:28  Overseer x2  
  121  11:33  Pneumatized Carapace  
Show
View Real Time Build Order
Export as new Build Order

zidar Zerg 

Build Orders: Pool First 

Get SALT Encoding   

  12  0:01  Drone  
  13  0:12  Overlord  
  13  0:17  Drone  
  14  0:30  Drone x2  
  14  0:35  Drone  
  17  0:49  Spawning Pool  
  17  0:50  Drone  
  17  1:11  Hatchery  
  17  1:15  Drone  
  17  1:35  Queen  
  17  1:38  Zergling x4  
  21  1:40  Overlord  
  21  1:58  Zergling x2  
  21  2:16  Extractor  
  21  2:20  Zergling x4  
  22  2:25  Queen  
  24  2:31  Roach Warren  
  23  2:42  Zergling x4  
  23  2:43  Zergling x4  
  27  3:17  Roach x3  
  26  4:03  Roach x5  
  34  4:12  Evolution Chamber  
  34  4:15  Extractor  
  32  4:33  Roach x2  
  36  4:46  Overlord x3  
  36  5:17  Drone x8  
  44  5:24  Zerg Missile Weapons Level 1  
  44  5:27  Roach  
  46  5:56  Roach x4  
  54  6:01  Overlord  
  54  6:15  Roach  
  54  6:16  Roach  
  58  6:19  Roach  
  60  6:29  Roach x2  
  60  6:32  Ravager  
  65  6:33  Ravager  
  65  6:35  Ravager  
  65  6:38  Ravager  
  68  7:00  Overlord x2  
  66  7:49  Hatchery  
  66  7:50  Lair  
  69  7:58  Drone x10  
  75  8:25  Extractor  
  74  8:29  Extractor  
  73  9:11  Spire  
  73  9:15  Zergling x6  
  73  9:16  Zergling x4  
  77  9:32  Queen  
  77  9:34  Overlord  
  77  9:35  Overlord  
  79  9:44  Overseer  
  79  9:48  Roach  
  79  9:49  Roach x4  
  89  10:29  Mutalisk x7  
  89  10:30  Mutalisk x2  
  89  10:34  Mutalisk  
  89  10:35  Mutalisk  
  54  11:14  Mutalisk x6  
  66  11:37  Mutalisk  
  66  11:38  Mutalisk  
  60  12:06  Roach  
  60  12:07  Roach x8  
Tags
 
Composition
Lurkers
Matchup
ZvZ
Race
Zerg
Spawn Locations
Cross Positions
Add a new tag
Caveats
  • Supply blocks, unpowered buildings, or Contaminate may cause inaccurate times.
  • Supply counts are checked every 10 seconds.